Map: Nightshade LE

Players

Clem

  • Race: Terran Terran
  • League: Master
  • Spawn Location: 11:00

Special - Winner!

  • Race: Terran Terran
  • League: Master
  • Spawn Location: 5:00

VOD

Have the link to the VOD?

Description

Time

  • Played on: Jan. 14, 2020, 12:38 p.m.
  • Length: 21:45
Show
View Real Time Build Order
Export as new Build Order

Clem Terran 

Build Orders:  

Get SALT Encoding   

  12  0:00  SCV  
  13  0:12  SCV  
  14  0:16  Supply Depot  
  14  0:24  SCV  
  14  0:28  Refinery  
  15  0:38  SCV  
  16  0:43  Barracks  
  16  0:50  SCV  
  16  0:56  Refinery  
  17  1:02  SCV  
  18  1:14  SCV  
  19  1:31  Reaper, Orbital Command  
  20  1:34  Factory  
  20  1:42  Supply Depot  
  20  1:56  SCV  
  21  2:03  Reaper  
  22  2:08  SCV  
  23  2:18  Hellion  
  25  2:25  Command Center  
  25  2:27  SCV  
  26  2:37  Starport  
  26  2:42  Hellion  
  29  2:49  Supply Depot  
  28  2:51  SCV  
  28  2:55  Barracks Tech Lab  
  29  3:03  SCV  
  29  3:15  Cyclone  
  29  3:16  SCV, Starport Tech Lab  
  33  3:22  Barracks Reactor  
  33  3:27  Refinery  
  33  3:28  SCV  
  34  3:37  Orbital Command  
  34  3:40  SCV  
  35  3:48  Raven  
  37  3:52  SCV  
  38  3:58  Command Center  
  39  4:05  Siege Tank  
  39  4:08  SCV  
  42  4:10  SCV  
  42  4:13  Marine x2  
  45  4:20  SCV  
  45  4:22  SCV  
  47  4:25  Supply Depot  
  47  4:32  SCV  
  47  4:35  SCV  
  47  4:36  Barracks  
  49  4:39  Starport Reactor  
  49  4:43  Stimpack, Siege Tank  
  49  4:45  SCV  
  53  4:47  SCV  
  54  4:52  Barracks  
  54  4:58  Marine, Supply Depot  
  54  4:59  SCV  
  56  5:01  SCV  
  57  5:12  Orbital Command  
  56  5:15  SCV x2  
  56  5:16  Marine  
  57  5:24  Siege Tank  
  57  5:26  Marine x2  
  57  5:28  Starport Reactor  
  62  5:29  SCV  
  63  5:36  Engineering Bay  
  63  5:37  Engineering Bay  
  63  5:41  SCV x2  
  66  5:45  Marine x2  
  66  5:46  SCV  
  68  5:54  Marine x3  
  68  5:55  SCV  
  70  6:01  SCV  
  70  6:03  Marine  
  72  6:05  SCV, Terran Infantry Weapons Level 1  
  72  6:09  Medivac  
  72  6:10  Refinery  
  74  6:12  Medivac  
  74  6:14  Marine  
  74  6:16  SCV  
  74  6:18  SCV  
  78  6:20  Marine x2  
  78  6:24  Marauder  
  81  6:30  Supply Depot  
  81  6:33  Siege Tank  
  81  6:35  SCV  
  85  6:40  SCV  
  85  6:42  Marine  
  85  6:46  Orbital Command  
  84  6:49  Marine  
  84  6:52  Marine x2, Marauder  
  84  6:53  SCV  
  84  6:54  SCV, Supply Depot  
  89  7:02  Missile Turret x2  
  89  7:06  Viking x2  
  89  7:07  Marine  
  93  7:15  Marine, SCV x2, Siege Tank  
  96  7:20  SCV  
  98  7:24  Marine  
  98  7:25  Marauder  
  101  7:38  Marine x2, SCV x3, Supply Depot, Missile Turret  
  101  7:42  Supply Depot  
  103  7:46  Viking  
  103  7:47  Marauder  
  103  7:50  SCV  
  108  7:52  SCV  
  109  7:59  Marine x3, Viking  
  114  8:08  Marine x2  
  114  8:09  SCV  
  111  8:14  Supply Depot, Terran Infantry Armor Level 1  
  111  8:15  SCV, Armory  
  111  8:19  Marine x3  
  114  8:24  SCV  
  114  8:27  SCV  
  114  8:31  Marine  
  114  8:32  Marauder  
  116  8:35  SCV  
  116  8:39  Marine x2  
  116  8:43  SCV x2, Refinery  
  116  8:45  Marine, Refinery  
  116  8:48  Medivac, Supply Depot  
  121  8:50  Medivac  
  121  8:53  Marauder  
  121  8:54  SCV  
  111  8:57  Marine  
  111  9:00  Marine  
  109  9:03  Supply Depot  
  109  9:05  SCV x2, Siege Tank  
  109  9:07  SCV, Marine  
  109  9:08  Marine  
  117  9:14  Marauder  
  117  9:16  Marine  
  120  9:17  SCV  
  120  9:18  SCV, Marine  
  120  9:32  Marine x2  
  120  9:33  Command Center  
  120  9:34  SCV  
  120  9:36  Marauder  
  125  9:43  Marine x2  
  125  9:45  Combat Shield  
  122  9:49  Marine  
  122  9:50  Marine, Barracks x2  
  122  9:51  Siege Tank  
  127  9:55  Medivac x2  
  127  9:59  Terran Infantry Weapons Level 2  
  131  10:03  Marine  
  131  10:04  Marine  
  131  10:07  Terran Vehicle Weapons Level 1  
  133  10:08  Factory  
  133  10:10  Marine x2  
  133  10:13  Marauder  
  137  10:20  Supply Depot, Terran Infantry Armor Level 2  
  137  10:21  Marine  
  137  10:24  SCV x2  
  138  10:30  SCV  
  138  10:35  Viking, Marauder, Siege Tank  
  144  10:40  Viking  
  147  10:45  Marine x3  
  147  10:46  Marine  
  152  10:51  Barracks Tech Lab  
  152  10:54  Factory Tech Lab  
  149  10:57  Marine x2  
  149  11:03  SCV x3  
  151  11:07  Siege Tank  
  151  11:08  Marine x4  
  151  11:09  Marauder  
  160  11:15  Supply Depot, Marauder  
  160  11:16  Siege Tank  
  165  11:22  Barracks Tech Lab  
  165  11:29  Marine x3  
  165  11:31  Starport, Marauder  
  170  11:33  Starport  
  170  11:36  Marine  
  170  11:37  Planetary Fortress, Marauder  
  170  11:39  SCV  
  174  11:41  SCV x2  
  174  11:46  Siege Tank  
  179  11:52  Missile Turret  
  179  11:54  SCV  
  177  11:55  Viking  
  177  11:59  Supply Depot  
  177  12:00  SCV x2  
  180  12:04  Liberator  
  180  12:06  Supply Depot  
  180  12:07  SCV  
  180  12:08  Marine, Marauder x2  
  185  12:10  Marine  
  187  12:20  Viking  
  187  12:21  Viking  
  193  12:29  Marine x2  
  170  12:30  Marine x2  
  170  12:31  Marauder x2  
  170  12:32  SCV  
  170  12:33  SCV  
  170  12:34  Liberator x2  
  170  12:35  Marauder  
  170  12:36  Liberator  
  175  12:39  Refinery  
  175  12:40  Refinery  
  175  12:41  Siege Tank  
  178  12:52  Marauder  
  178  12:56  Marine  
  178  12:57  Marine x3  
  178  12:58  Marauder  
  195  13:00  SCV x2  
  195  13:01  SCV x2  
  195  13:03  Marine  
  197  13:10  Siege Tank  
  197  13:13  Viking  
  197  13:17  Liberator  
  197  13:18  Liberator  
  186  13:25  Liberator  
  180  13:30  Orbital Command  
  180  13:33  Marine, Marauder  
  180  13:34  Marine, Viking, Marauder  
  171  13:41  Marine  
  171  13:44  Marauder, Siege Tank  
  171  13:47  Marine, Liberator  
  163  13:55  SCV x2, Marauder  
  161  13:56  Marine, Marauder  
  161  14:00  Liberator  
  161  14:01  Marine x2, Liberator  
  158  14:03  SCV  
  158  14:04  Factory Tech Lab  
  158  14:06  Marauder  
  158  14:08  Liberator  
  160  14:12  Marine  
  160  14:16  Marauder, Siege Tank  
  163  14:17  Marauder  
  163  14:18  Marine  
  163  14:19  Marine, SCV  
  161  14:29  Marine x2, Marauder  
  139  14:34  Siege Tank  
  139  14:36  Marine  
  139  14:37  Marine, Marauder  
  146  14:41  Marauder  
  146  14:43  Liberator  
  146  14:45  Command Center  
  148  14:47  Viking  
  148  14:51  Marine, Marauder, Siege Tank  
  156  14:56  Marine x2  
  156  14:57  Missile Turret  
  156  14:59  SCV, Marauder  
  160  15:00  SCV x2  
  160  15:02  SCV  
  160  15:03  Marauder  
  166  15:11  Viking x2  
  166  15:12  Marauder, Siege Tank  
  166  15:13  Marine x2  
  177  15:20  SCV x2, Marauder, Liberator  
  177  15:21  SCV  
  177  15:24  SCV, Marauder  
  174  15:30  Siege Tank  
  174  15:32  SCV  
  174  15:39  Marine x3  
  174  15:41  SCV  
  168  15:42  Marine  
  168  15:44  SCV, Liberator  
  168  15:45  Marine  
  166  15:51  SCV, Marauder  
  166  15:54  Liberator  
  166  15:55  Siege Tank  
  172  16:03  Cyclone  
  178  16:11  Viking  
  180  16:12  Marine  
  180  16:13  Marine x2  
  180  16:14  Marine  
  180  16:17  Marauder  
  187  16:19  Liberator  
  187  16:20  Marauder  
  187  16:22  SCV  
  187  16:24  SCV, Liberator  
  181  16:29  Marine, Liberator  
  181  16:30  Marine  
  178  16:37  Liberator  
  169  16:48  Terran Vehicle And Ship Armor Level 1  
  169  16:59  Siege Tank x2  
  169  17:01  Marauder  
  180  17:05  SCV, Planetary Fortress, Liberator  
  178  17:15  SCV x2  
  178  17:16  Marauder x2  
  178  17:20  Fusion Core  
  182  17:30  SCV x2  
  182  17:32  Marine x2, Marauder  
  182  17:33  SCV  
  182  17:39  Marine, Marauder  
  182  17:45  Siege Tank  
  182  17:48  Marauder  
  186  17:52  Liberator  
  186  17:55  Marine x3  
  188  17:59  Marauder, Liberator  
  188  18:00  Marauder  
  180  18:09  Marine  
  156  18:25  Siege Tank  
  159  18:39  Liberator x2  
  76  20:37  Command Center  
  76  20:44  Orbital Command  
Show
View Real Time Build Order
Export as new Build Order

Special Terran - Winner!

Build Orders: Gas First Reaper Expand, Mech, Banshee Rush 

Get SALT Encoding   

  12  0:00  SCV  
  13  0:13  SCV  
  14  0:17  Supply Depot  
  14  0:25  SCV  
  14  0:28  Refinery  
  15  0:39  SCV  
  16  0:44  Barracks  
  16  0:51  SCV  
  17  1:03  SCV  
  18  1:15  SCV  
  19  1:32  Reaper, Orbital Command  
  20  1:42  Command Center  
  20  1:52  Factory  
  20  1:58  SCV  
  21  2:06  Supply Depot  
  21  2:07  Reaper  
  22  2:10  SCV  
  22  2:14  Refinery  
  23  2:28  SCV  
  24  2:35  Hellion  
  26  2:40  SCV  
  27  2:44  Starport  
  27  2:52  SCV  
  27  2:55  Orbital Command  
  27  2:57  Barracks Tech Lab  
  30  2:58  Hellion  
  30  3:04  SCV  
  31  3:16  SCV  
  32  3:22  Widow Mine, Barracks Tech Lab  
  32  3:23  SCV, Refinery  
  35  3:28  SCV, Cloaking Field  
  36  3:35  Banshee  
  36  3:37  Supply Depot  
  36  3:38  SCV  
  36  3:40  SCV  
  41  3:51  SCV  
  41  3:52  SCV  
  41  3:53  Cyclone  
  46  3:55  Supply Depot  
  46  4:03  SCV  
  46  4:04  SCV  
  48  4:10  Mag-Field Accelerator  
  48  4:16  SCV  
  48  4:17  SCV  
  50  4:22  Banshee  
  50  4:23  Command Center  
  53  4:28  SCV  
  53  4:29  SCV  
  55  4:32  Cyclone  
  55  4:35  Supply Depot  
  58  4:42  SCV x2  
  58  4:45  Refinery  
  60  4:51  Hyperflight Rotors  
  60  4:54  SCV x2  
  62  5:04  Cyclone  
  62  5:06  SCV x2  
  67  5:12  Banshee  
  69  5:18  SCV  
  70  5:22  Supply Depot  
  70  5:25  SCV  
  71  5:29  Barracks Tech Lab  
  71  5:30  SCV  
  72  5:35  Factory  
  72  5:37  SCV  
  72  5:38  Cyclone  
  77  5:42  SCV  
  77  5:45  Factory  
  77  5:49  SCV  
  77  5:54  SCV  
  78  6:00  Banshee  
  78  6:01  SCV  
  78  6:02  Orbital Command  
  79  6:07  SCV, Barracks Reactor  
  80  6:13  SCV  
  80  6:14  Refinery  
  80  6:15  Refinery  
  80  6:16  Siege Tank  
  84  6:19  SCV  
  84  6:25  SCV  
  84  6:28  SCV  
  84  6:31  SCV  
  86  6:37  SCV, Siege Tank  
  90  6:40  SCV  
  90  6:42  Banshee  
  90  6:43  SCV  
  89  6:52  Supply Depot  
  89  6:53  SCV x2  
  91  6:55  SCV  
  91  6:56  Hellion x2, Siege Tank  
  99  7:05  SCV x2  
  101  7:11  Supply Depot x2  
  101  7:13  SCV, Supply Depot, Siege Tank  
  105  7:16  Engineering Bay  
  105  7:17  Hellion x2  
  109  7:32  SCV x3, Banshee  
  109  7:33  Siege Tank  
  117  7:41  Factory  
  117  7:42  Supply Depot  
  117  7:43  Factory, Supply Depot  
  117  7:44  SCV x3  
  117  7:45  Siege Tank  
  117  7:48  Sensor Tower  
  123  7:51  Missile Turret  
  123  7:52  Missile Turret, Hellion x2  
  123  7:56  SCV x3  
  130  8:05  Siege Tank  
  130  8:09  SCV x2  
  130  8:12  SCV  
  114  8:14  Hellion x2  
  114  8:15  Banshee  
  114  8:18  Missile Turret, Siege Tank  
  121  8:21  SCV  
  120  8:31  SCV  
  120  8:32  SCV  
  120  8:35  SCV  
  120  8:37  Hellion x2  
  120  8:38  Factory Reactor, Factory Tech Lab  
  121  8:42  Siege Tank  
  121  8:50  Siege Tank  
  121  8:53  SCV  
  118  8:56  SCV  
  118  9:00  SCV  
  118  9:01  Cyclone, Hellion x2  
  111  9:06  Banshee  
  114  9:12  Infernal Pre-Igniter  
  114  9:21  Engineering Bay  
  114  9:22  Hellion  
  114  9:23  Hellion  
  113  9:31  SCV x2  
  113  9:32  SCV  
  106  9:38  Hellion  
  106  9:39  Hellion  
  106  9:41  Siege Tank x2  
  106  9:44  Hellion x2  
  120  9:49  Banshee  
  120  9:50  Sensor Tower  
  121  9:59  Siege Tank  
  126  10:00  Hellion x2  
  126  10:03  Missile Turret  
  126  10:05  Hellion x2  
  126  10:06  Supply Depot  
  132  10:08  Supply Depot  
  132  10:13  Siege Tank  
  135  10:27  Command Center  
  135  10:31  Hellion x2  
  135  10:32  Hellion  
  135  10:34  Hellion  
  135  10:35  Cyclone x2  
  149  10:42  Banshee  
  147  10:47  Supply Depot  
  147  10:48  Supply Depot  
  150  11:01  Armory  
  150  11:04  Armory, Hellion x2  
  147  11:05  Hellion x2  
  147  11:09  Siege Tank x3  
  164  11:25  Factory  
  164  11:26  Factory  
  164  11:31  Hellion x4  
  172  11:38  SCV x3  
  175  11:41  Missile Turret  
  175  11:42  Supply Depot  
  175  11:43  Supply Depot, Missile Turret  
  175  11:50  SCV  
  175  11:52  Terran Vehicle And Ship Armor Level 1, Terran Vehicle Weapons Level 1  
  172  11:54  Hellion x3  
  172  11:55  Hellion  
  172  11:57  Siege Tank x2  
  182  12:12  Factory Tech Lab  
  182  12:13  Factory Tech Lab  
  182  12:14  Thor  
  184  12:22  Planetary Fortress  
  184  12:25  SCV  
  184  12:29  Thor  
  177  12:32  Thor  
  177  12:33  Hellion x2  
  177  12:34  Hellion  
  187  12:41  Refinery  
  187  12:42  Missile Turret  
  187  12:45  Refinery  
  187  12:46  Thor  
  187  12:47  Sensor Tower, Smart Servos  
  193  12:54  Hellion  
  193  12:55  Hellion  
  193  12:56  Hellion  
  191  13:07  Missile Turret  
  191  13:10  Siege Tank x2  
  191  13:11  Hellion  
  191  13:12  Siege Tank  
  200  13:24  Hellion x2  
  200  13:26  Banshee, Siege Tank  
  188  13:36  Hellion x2  
  188  13:37  Hellion  
  180  13:42  Siege Tank  
  180  13:43  Orbital Command  
  164  13:49  SCV  
  164  13:50  SCV  
  157  13:57  Thor  
  157  13:58  Thor  
  157  14:01  Thor  
  167  14:14  Thor  
  141  14:38  SCV x3  
  142  14:39  Thor  
  142  14:41  Thor  
  142  14:44  Thor  
  162  14:46  Hellion x2  
  162  14:48  Hellion  
  162  14:49  Hellion  
  162  14:50  SCV x3  
  171  14:53  Hellion  
  171  14:55  Terran Vehicle Weapons Level 2  
  173  15:01  Hellion  
  174  15:07  Hellion  
  174  15:11  Banshee  
  174  15:12  Refinery  
  174  15:13  Hellion  
  174  15:14  Hellion  
  181  15:23  Terran Vehicle And Ship Armor Level 2  
  179  15:32  Hellion  
  143  15:42  Thor  
  143  15:43  Thor  
  143  15:47  SCV, Hellion x2  
  143  15:48  SCV  
  142  15:53  SCV, Hellion  
  145  16:00  SCV  
  145  16:01  Hellion x2  
  150  16:06  Thor  
  150  16:08  Hellion  
  150  16:09  Hellion  
  160  16:11  Hellion  
  160  16:16  Hellion  
  156  16:27  Banshee  
  154  16:38  Siege Tank x2  
  148  16:42  Siege Tank  
  148  16:43  Hellion x2  
  155  16:49  Siege Tank  
  155  16:50  Hellion  
  155  16:52  Hellion  
  162  17:10  Hellion, Siege Tank  
  162  17:11  Siege Tank  
  162  17:12  Hellion  
  162  17:14  Siege Tank  
  171  17:17  Hellion  
  171  17:22  Siege Tank  
  176  17:25  Hellion  
  174  17:39  Missile Turret, Hellion  
  174  17:40  Missile Turret  
  174  17:41  Hellion  
  178  17:45  Hellion  
  179  17:53  Thor  
  174  18:11  Hellion, Siege Tank  
  165  18:14  Hellion x2  
  165  18:19  Siege Tank  
  152  18:26  Banshee  
  155  18:27  Orbital Command  
  133  19:03  Orbital Command  
  121  19:19  SCV  
  122  19:30  Missile Turret  
  119  19:34  SCV  
  119  19:35  SCV  
  117  19:44  Supply Depot  
  117  19:45  Supply Depot x2  
  117  19:46  Factory Tech Lab x4  
  117  19:50  Factory Tech Lab  
  117  20:07  SCV  
  108  20:21  Siege Tank x3  
  109  20:22  Hellion  
  109  20:27  SCV x2  
  110  20:34  Orbital Command  
  107  20:44  Hellion  
  107  20:45  Hellion  
  107  20:48  SCV x2  
  113  20:54  Orbital Command  
  113  21:00  SCV  
  114  21:08  Sensor Tower  
  114  21:17  Hellion  
  117  21:36  Refinery  
  117  21:38  Refinery  
Tags
 
Add a new tag
Caveats
  • Supply blocks, unpowered buildings, or Contaminate may cause inaccurate times.
  • Supply counts are checked every 10 seconds.